 Dungeon Sprint DCSS version 0.30-a0-760-g5a9884bb7c (webtiles) character file.

Game seed: 7882942564112051276

0 octoduck the Firebug (level 1, -3/10 HPs)
             Began as a Deep Elf Fire Elementalist on Feb 11, 2023.
             Was an Initiate of Jiyva.
             Slain by a necrophage (4 damage)
             ... in the Dungeon (Sprint V: "Ziggurat Sprint").
             The game lasted 00:04:36 (150 turns).

octoduck the Firebug (Deep Elf Fire Elementalist)    Turns: 150, Time: 00:04:37

Health: -3/10      AC:  2    Str:  5    XL:     1   Next: 0%
Magic:  4/6        EV: 12    Int: 19    God:    Jiyva [......]
Gold:   0          SH:  6    Dex: 15    Spells: 5/6 levels left

rFire   . . .      SeeInvis .    j - +5 quick blade
rCold   . . .      Faith    .    h - +3 buckler
rNeg    . . .      Spirit   .    a - +0 robe
rPois   .          Reflect  .    (no helmet)
rElec   .          Harm     .    (no cloak)
rCorr   .          Rampage  .    (no gloves)
Will    .....      NoTele   +    (no boots)
Stlth   ++                       (no amulet)
HPRegen 0.21/turn                (no ring)
MPRegen 0.10/turn                (no ring)

@: no status effects
A: no striking features
a: Renounce Religion


You were in the Dungeon.
You worshipped Jiyva.
Jiyva was noncommittal.
You visited 1 branch

Inventory:

Hand Weapons
 i - the +6 Majin-Bo {spellvamp, MP+6 Int+6}
   (You found it in the Dungeon)

   Int:       It affects your intelligence (+6).
   MP:        It affects your magic capacity (+6).
 j - a +5 quick blade (weapon)
 k - the +11 Singing Sword {sonic wave}
   (You found it in the Dungeon)
Armour
 a - a +0 robe (worn)
 h - a +3 buckler (worn)
Jewellery
 m - a ring of flight
 n - a +6 ring of dexterity
 o - a +6 ring of dexterity
 p - a +6 ring of intelligence
 q - a +6 ring of intelligence
 r - a +6 ring of strength
 s - a +6 ring of strength
Wands
 t - a wand of mindburst (7)
 u - a wand of iceblast (7)
 v - a wand of light (7)
Scrolls
 g - 4 scrolls of blinking
 y - 4 scrolls of amnesia
 C - 7 scrolls of fog
 D - 5 scrolls of identify
 E - 2 scrolls of fear
Potions
 b - 8 potions of magic
 c - 10 potions of curing
 d - 10 potions of heal wounds
 e - 6 potions of haste
 f - 3 potions of berserk rage
 w - 2 potions of brilliance
 x - 2 potions of invisibility
 z - 4 potions of resistance
 A - a potion of experience
 B - 5 potions of might
Miscellaneous
 l - a lightning rod (4/4)


   Skills:
 - Level 2.4 Dodging
 - Level 2.4 Stealth
 - Level 3.0 Spellcasting
 + Level 1.1 Conjurations
 + Level 3.2 Fire Magic


You had 5 spell levels left.
You knew the following spells:

 Your Spells              Type           Power      Damage    Failure   Level
a - Foxfire               Conj/Fire      44%        2x1d6     9%          1

Your spell library contained the following spells:

 Spells                   Type           Power      Damage    Failure   Level
 Scorch                   Fire           30%        2d6       9%          2
 Inner Flame              Hex/Fire       9%         N/A       32%         3
 Kindle Blastsparks       Fire/Tloc/Air  14%        2d11      36%         3
 Flame Wave               Conj/Fire      11%        2d6       63%         4


Dungeon Overview and Level Annotations

Branches:
Dungeon (1/1)

Altars:
Ashenzari
Cheibriados
Dithmenos
Elyvilon
Fedhas
Gozag
Hepliaklqana
Kikubaaqudgha
Makhleb
Nemelex Xobeh
Okawaru
Qazlal
Ru
Sif Muna
Trog
Uskayaw
Vehumet
Wu Jian
Xom
Yredelemnul
Zin
The Shining One
Jiyva
Lugonu

Annotations:
D 1 transporter


Message History

Items here: [[[[[[[.
Okay, then.
There is a snail-covered altar of Cheibriados here.
Things that are here:
a +5 rapier; a +5 dagger
There is a viscous altar of Jiyva here.
You kneel at the altar of Jiyva.
Jiyva welcomes you!
You hear a distant slurping noise. x3
There is a transporter here.
Welcome to arena 1.
You enter the transporter and appear at another place.
A necrophage and a phantom come into view.
Found a +2 morningstar of draining and a +2 leather armour of cold resistance.
Found a transporter.
Casting: Foxfire (safe; 9% risk of failure)
Confirm with . or Enter, or press ? or * to list all spells.
You conjure some foxfire!
The foxfire hits the phantom.
The phantom is lightly damaged.
The foxfire hits the phantom.
The phantom is moderately damaged.
You block the phantom's attack. The necrophage hits you.
The phantom barely misses you.
Casting: Foxfire (safe; 9% risk of failure)
Confirm with . or Enter, or press ? or * to list all spells.
You conjure some foxfire!
The phantom completely misses you. You block the necrophage's attack.
The foxfire hits the necrophage.
The necrophage is lightly damaged.
The foxfire hits the necrophage.
The necrophage is moderately damaged.
The phantom hits you.
* * * LOW HITPOINT WARNING * * *
The necrophage barely misses you. The phantom attacks as you move away!
The phantom hits you.
* * * LOW HITPOINT WARNING * * *
The necrophage attacks as you move away!
The necrophage hits you.
You die...

▓▓▓▓▓▓▓
▓.8©8.▓
▓.....▓
▓.[.).▓
▓.....▓
▓...W@▓
▓..©n.▓
▓▓▓▓▓▓▓


You could see a necrophage and a phantom.

Vanquished Creatures (others)
  6 foxfires (D)
6 creatures vanquished.

Notes
Turn   | Place    | Note
-------+----------+-------------------------------------------
     0 | D        | octoduck the Deep Elf Fire Elementalist began the quest for
                  | the Orb.
     0 | D        | Reached XP level 1. HP: 10/10 MP: 6/6
     2 | D        | Found a blossoming altar of Fedhas.
     2 | D        | Found the +6 Majin-Bo {spellvamp, MP+6 Int+6}
     2 | D        | Found the +27 heavy crossbow "Sniper" {heavy, Acc+∞ SInv}
     2 | D        | Found the +10 dark maul {heavy}
     2 | D        | Found the +15 Maxwell's patent armour {-Cast -Tele rElec
                  | Will+ rCorr}
     2 | D        | Found the +18 shield of the Gong {Loud rN+ Will+ rCorr
                  | EV-5}
     2 | D        | Found the +16 obsidian axe {drain, demonic, Mesm Drain Fly
                  | SInv}
     2 | D        | Found the +7 great mace "Firestarter" {flame, inner flame,
                  | rFlCloud rF++}
     2 | D        | Found the +6 shillelagh "Devastator" {shatter}
     2 | D        | Found the +11 plutonium sword {Contam Stlth-}
     2 | D        | Found the +8 lance "Wyrmbane" {slay drac, rPois rF+ rC+
                  | AC+3}
     2 | D        | Found the +9 sword of Zonguldrok {reap}
     2 | D        | Found the +13 scythe of Curses {drain, curses, Drain}
     2 | D        | Found the +9 sword of Power {lifebolt}
     2 | D        | Found the +7 mace of Variability {chaos, chain chaos}
     2 | D        | Found the +11 Singing Sword {sonic wave}
     2 | D        | Found the +8 storm bow {elec, penet}
     6 | D        | Found a viscous altar of Jiyva.
     6 | D        | Found a hazy altar of Hepliaklqana.
     6 | D        | Found a transporter.
     6 | D        | Found an opulent altar of Gozag.
     6 | D        | Found an ancient bone altar of Kikubaaqudgha.
     6 | D        | Found a corrupted altar of Lugonu.
    20 | D        | Found a burning altar of Makhleb.
    21 | D        | Found an iron altar of Okawaru.
    21 | D        | Found a stormy altar of Qazlal.
    21 | D        | Found a sparkling altar of Nemelex Xobeh.
    21 | D        | Found a sacrificial altar of Ru.
    21 | D        | Found a shimmering blue altar of Sif Muna.
    32 | D        | Found a bloodstained altar of Trog.
   140 | D        | Became a worshipper of Jiyva Juegh the Shapeless
   143 | D        | Entered arena 2.
   143 | D        | Noticed a necrophage
   143 | D        | Noticed a phantom
   143 | D        | Found a transporter.
   150 | D        | Slain by a necrophage

Illustrated notes

Levels and vault maps discovered:
D:        sprint_v [room_start, room_1, room_2, room_3, room_4, room_5, room_6,
          room_7, room_8, room_9, room_10, room_11, room_12, room_13, room_14,
          room_15, room_16, room_17, room_18, room_19, room_20, room_21,
          room_22, room_23, room_24, room_25, room_26, room_27]

Action                     || total
---------------------------++-------
   Cast: Foxfire           ||     3
  Dodge: Dodged            ||     3
  Block: Buckler           ||     2

Table legend: (Time is in decaauts)
 A = Elapsed time spent in this place.
 B = Non-inter-level travel time spent in this place.
 C = Inter-level travel time spent in this place.
 D = Time resting spent in this place.
 E = Time spent auto-exploring this place.
 F = Levels seen in this place.
 G = Mean time per level.
                   A        B        C        D        E       F      G
               +--------+--------+--------+--------+--------+-----+--------+
         Total |    148 |    147 |      1 |     49 |      0 |   1 |  148.0 |
       Dungeon |    148 |    147 |      1 |     49 |      0 |   1 |  148.0 |
               +--------+--------+--------+--------+--------+-----+--------+

Top non-repeatable levels by time:
       D: 148 daAuts
